 Dungeon Sprint DCSS version 0.19-a0-895-gdbd5520 (webtiles) character file.

102 LORDOFBUTT the Cudgeler (level 4, 0/37 HPs)
             Began as a Demonspawn Gladiator on July 4, 2016.
             Succumbed to a worker ant's poison
             ... in the Dungeon (Sprint IX: "|||||||||||||||||||||||||||||") on July 5, 2016.
             The game lasted 00:00:22 (360 turns).

LORDOFBUTT the Cudgeler (Demonspawn Gladiator)       Turns: 360, Time: 00:00:22

Health: 0/37       AC:  4    Str: 15    XL:     4   Next: 49%
Magic:  4/4        EV: 14    Int: 10    God:
Gold:   0          SH:  0    Dex: 14    Spells: 0 memorised, 3 levels left

rFire  . . .     SeeInvis .     a - +0 flail
rCold  . . .     Gourm    .     b - +0 leather armour
rNeg   . . .     Faith    .     (no shield)
rPois  .         Spirit   .     c - +0 helmet
rElec  .         Dismiss  .     (no cloak)
rCorr  .         Reflect  .     (no gloves)
SustAt .         Harm     .     (no boots)
MR     .....     NoTele   +     (no amulet)
Stlth  +.........               (no ring)
                                (no ring)

@: lethally poisoned (0 -> -10), not resistant to hostile enchantments, very
unstealthy
A: powered by pain 1, rot immunity
a: no special abilities


You were in the Dungeon.
You were not hungry.

You visited 1 branch

Inventory:

Hand Weapons
 a - a +0 flail (weapon)
Missiles
 d - 3 throwing nets (quivered)
Armour
 b - a +0 leather armour (worn)
 c - a +0 helmet (worn)
Jewellery
 o - a +3 ring of dexterity
 p - a +3 ring of intelligence
Wands
 n - a wand of iceblast (7/15)
Scrolls
 k - 2 scrolls of blinking
 l - 3 scrolls of remove curse
 m - 2 scrolls of amnesia
Potions
 e - 5 potions of curing
 g - a potion of invisibility
 h - a potion of haste
 i - 4 potions of magic
 j - 2 potions of heal wounds
Comestibles
 f - a bread ration


   Skills:
 + Level 4.0 Fighting
 + Level 5.6 Maces & Flails
 + Level 2.8 Throwing
 + Level 2.4 Armour
 + Level 5.0 Dodging


You had 3 spell levels left.
You didn't know any spells.

Dungeon Overview and Level Annotations

Branches:
Dungeon (1/1)

Altars:
Cheibriados
Dithmenos
Elyvilon
Fedhas
Gozag
Hepliaklqana
Kikubaaqudgha
Makhleb
Nemelex Xobeh
Okawaru
Pakellas
Qazlal
Ru
Sif Muna
Trog
Uskayaw
Vehumet
Xom
Yredelemnul
Zin
The Shining One
Beogh
Jiyva
Lugonu


Innate Abilities, Weirdness & Mutations

You sometimes gain a little power by taking damage.
You are immune to rotting.


Message History

The worker ant is moderately wounded.
You feel sick. The worker ant barely misses you. The worker ant bites you.
* * * LOW HITPOINT WARNING * * *
You hit the worker ant.
The worker ant is heavily wounded.
The worker ant bites you but does no damage.
You hit the worker ant but do no damage.
The worker ant is heavily wounded.
The worker ant bites you.
* * * LOW HITPOINT WARNING * * *
You are lethally poisoned!
The worker ant poisons you! The worker ant barely misses you.
You thump the worker ant!
You kill the worker ant!
Your Fighting skill increases to level 4!
Your Dodging skill increases to level 5!
* * * LOW HITPOINT WARNING * * *
You feel sick.
You barely miss the scorpion.
You die... ▓▓▓▓▓▓▓▓▓▓▓▓▓▓▓▓▓▓▓▓▓▓▓▓ ______'..|)[[[..@sl.oJS+ ▓▓▓▓▓▓▓▓▓▓▓▓▓▓▓▓▓▓▓▓▓▓▓▓

You could see a komodo dragon, an orc warrior, a scorpion, a jelly and an adder.

Vanquished Creatures
  A jelly (D)
  An iguana (D)
  A worker ant (D)
  A gnoll (D)
  A shadow imp (D)
  A bat (D)
  2 goblins (D)
  A hobgoblin (D)
  A kobold (D)
  A quokka skeleton (D)
11 creatures vanquished.

Notes
Turn   | Place    | Note
-------+----------+-------------------------------------------
     0 | D        | LORDOFBUTT the Demonspawn Gladiator began the quest for the Orb.
     0 | D        | Reached XP level 1. HP: 16/16 MP: 1/1
   273 | D        | Noticed a jelly
   273 | D        | Noticed an iguana
   286 | D        | Gained mutation: You sometimes gain a little power by taking damage. [demonic ancestry]
   286 | D        | Reached XP level 2. HP: 23/23 MP: 2/2
   289 | D        | Reached skill level 1 in Armour
   289 | D        | Reached XP level 3. HP: 29/29 MP: 3/3
   296 | D        | Reached skill level 5 in Maces & Flails
   296 | D        | Gained mutation: You are immune to rotting. [demonic ancestry]
   296 | D        | Reached XP level 4. HP: 27/35 MP: 4/4
   306 | D        | Found a glowing silver altar of Zin.
   306 | D        | Found a glowing golden altar of the Shining One.
   306 | D        | Found an ancient bone altar of Kikubaaqudgha.
   306 | D        | Found a basalt altar of Yredelemnul.
   306 | D        | Found a shimmering altar of Xom.
   306 | D        | Found a radiant altar of Vehumet.
   307 | D        | Found an iron altar of Okawaru.
   308 | D        | Found a burning altar of Makhleb.
   309 | D        | Found a deep blue altar of Sif Muna.
   310 | D        | Found a bloodstained altar of Trog.
   311 | D        | Found a sparkling altar of Nemelex Xobeh.
   312 | D        | Found a white marble altar of Elyvilon.
   313 | D        | Found a roughly hewn altar of Beogh.
   314 | D        | Found a viscous altar of Jiyva.
   315 | D        | Found a corrupted altar of Lugonu.
   316 | D        | Found a blossoming altar of Fedhas.
   317 | D        | Found a snail-covered altar of Cheibriados.
   318 | D        | Found a shadowy altar of Dithmenos.
   319 | D        | Found a stormy altar of Qazlal.
   320 | D        | Found an opulent altar of Gozag.
   321 | D        | Found a sacrificial altar of Ru.
   322 | D        | Found an oddly glowing altar of Pakellas.
   323 | D        | Found a hide-covered altar of Uskayaw.
   324 | D        | Found a hazy altar of Hepliaklqana.
   348 | D        | Noticed a komodo dragon
   348 | D        | Noticed an orc warrior
   359 | D        | Reached skill level 5 in Dodging
   359 | D        | HP: 1/37 [poisoned by a worker ant]
   360 | D        | Succumbed to a worker ant's poison

Vault maps used:
D:        linesprint

Skill      XL: |  1  2  3  4 |
---------------+-------------+-----
Maces & Flails | 3 4 5 |  5.6
Dodging        | 3 4 5 |  5.0
Throwing       | 2 |  2.8
Fighting       | 3 4 |  4.0
Armour         | 1 2 |  2.4

Action                   |  1- 3 |  4- 6 || total
-------------------------+-------+-------++-------
Melee: Flail             |    39 |    15 ||    54
  Use: Potion            |     2 |       ||     2
Armor: Leather armour    |     6 |     1 ||     7
Dodge: Dodged            |    24 |    10 ||    34
